 Dungeon Crawl Stone Soup version 0.29-a0-872-g797fff5ad1 (webtiles) character file.

Game seed: 11832419793963212321

599 IdlyInterested the Cutter (level 7, -15/50 HPs)
             Began as a Demonspawn Gladiator on July 18, 2022.
             Killed from afar by Dowan (27 damage)
             ... with a shard of ice
             ... on level 4 of the Dungeon.
             The game lasted 00:12:25 (4005 turns).

IdlyInterested the Cutter (Demonspawn Gladiator)    Turns: 4005, Time: 00:12:25

Health: -15/50     AC:  7    Str: 15    XL:     7   Next: 17%
Magic:  7/7        EV: 12    Int:  9    God:
Gold:   186        SH: 11    Dex: 16    Spells: 6/6 levels left

rFire   . . .      SeeInvis .   e - +2 dagger (venom)
rCold   . . .      Faith    .   u - +2 kite shield
rNeg    . . .      Spirit   .   o - +0 scale mail
rPois   .          Reflect  .   c - +0 helmet
rElec   .          Harm     .   (no cloak)
rCorr   .          Rampage  .   (no gloves)
Will    .....                   (no boots)
Stlth   +.........              x - amulet of regeneration
HPRegen 0.96/turn               (no ring)
MPRegen 0.10/turn               (no ring)

@: no status effects
A: repulsion field 2, demonic guardian 1, ignite blood 1, weakness stinger 1
a: no special abilities


You were on level 4 of the Dungeon.
You visited 1 branch of the dungeon, and saw 4 of its levels.

You collected 225 gold pieces.
You spent 39 gold pieces at shops.

Inventory:

Hand Weapons
 a - a +0 rapier
 e - a +2 dagger of venom (weapon)
Missiles
 d - 4 throwing nets
 g - a javelin
 i - 5 poisoned darts (quivered)
Armour
 b - a +0 leather armour
 c - a +0 helmet (worn)
 o - a +0 scale mail (worn)
 p - a +2 buckler
 s - a +0 chain mail
 u - a +2 kite shield (worn)
Magical Staves
 m - a staff of conjuration
 n - a staff of death
Jewellery
 h - an amulet of magic regeneration
 x - an amulet of regeneration (around neck)
 y - an amulet of reflection
Scrolls
 f - a scroll of poison
 t - a scroll of identify
Potions
 j - a potion of heal wounds
 k - 2 potions of resistance
 l - a potion of flight
 q - 2 potions of attraction
 r - 2 potions of curing


   Skills:
 - Level 2.0 Fighting
 * Level 5.1 Short Blades
 - Level 1.7 Throwing
 - Level 1.0 Armour
 + Level 4.6 Dodging
 - Level 2.0 Stealth
 * Level 2.7 Shields
 - Level 1.0 Evocations


You had 6 spell levels left.
You didn't know any spells.
Your spell library contained the following spells:

 Spells                   Type           Power      Damage    Failure   Level
 Necrotise                Necr           0%         1d4       99%         1
 Slow                     Hex            0%         N/A       99%         1
 Sting                    Tmut/Pois      0%         1d3       99%         1
 Poisonous Vapours        Pois/Air       0%         N/A       100%        2
 Confusing Touch          Hex            0%         N/A       100%        3
 Vampiric Draining        Necr           0%         2d6       100%        3
 Olgreb's Toxic Radiance  Pois           0%         N/A       100%        4
 Agony                    Necr           0%         N/A       100%        5


Dungeon Overview and Level Annotations

Branches:
Dungeon (4/15)
 Temple: D:4-7

Altars:
Fedhas
Trog

Shops:
D:1 (   D:4 (

Annotations:
D:4 Dowan


Innate Abilities, Weirdness & Mutations

You are surrounded by a moderate repulsion field. (EV +3)
A weak demonic guardian rushes to your aid.
Your demonic aura sometimes causes spilled blood to erupt in flames.
You have a small tail.


Message History

You block the giant cockroach's attack.
Your Short Blades skill increases to level 5!
You have reached level 7!
Your demonic ancestry asserts itself...
Your repulsive radiation grows stronger.
You hit the giant cockroach.
The giant cockroach is poisoned.
The giant cockroach is severely wounded.
You kill the giant cockroach!
You barely miss Dowan.
Dowan is lightly wounded.
Dowan hits you but does no damage. Dowan barely misses you.
You completely miss Dowan.
Dowan is lightly wounded.
You block Dowan's attack.
You miss Dowan.
Dowan is lightly wounded.
You block Dowan's attack. Dowan gestures at you while chanting.
The stone arrow hits you!
You barely miss Dowan.
Dowan is lightly wounded.
You block Dowan's attack.
You miss Dowan. You tail-slap Dowan.
Dowan is moderately wounded.
Dowan zaps a wand.
The puff of flame hits you! Dowan hits you with a +0 dagger.
You hit Dowan but do no damage.
Dowan is poisoned.
Dowan is moderately wounded.
Dowan casts a spell at you. The shard of ice hits you!
* * * LOW HITPOINT WARNING * * *
A demonic guardian appears!
Throw: 5 throwing nets
Press: ? - help, Shift-Dir - straight line, f - Dowan
Aim: Dowan, wielding a +0 dagger, wearing a +0 robe and carrying a wand of flame (10) (moderately wounded, fast, very poisoned, ally target, 50% to hit)
You throw a throwing net. The throwing net barely misses Dowan.
Dowan hits you but does no damage. Dowan casts a spell at you.
The shard of ice hits you!!
Ouch! That really hurt!
You die...

.# ..(.... . .. ..... #.
.# ..... ... . ....
....#.#..#
......#..###### #
#..5e....... ##...#
#..#@)# ...# #..#..#
#### ######..#..#
#....#..#..#
########.##.#†.#..######
.......>...^..>#.......#
..........#............#
##..####+#####.#.......#
##.......#........###.#


You could see Dowan (fast, very poisoned, ally target) and a friendly ufetubus
(summoned).

Vanquished Creatures
  Sigmund (D:2)
  Duvessa (D:4)
  The ghost of nxtlvl the Cutter, an amateur DEMo (D:3)
  Terence (D:2)
  2 iguanas
  An orc wizard (D:3)
  4 gnolls (D:3)
  5 adders
  2 dart slugs
  4 orcs (D:3)
  3 ball pythons
  4 bats
  5 endoplasms
  2 giant cockroaches
  6 goblins
  10 hobgoblins
  3 jackals (D:4)
  3 kobolds
  A quokka (D:1)
  A frilled lizard (D:1)
  5 rats
65 creatures vanquished.

Vanquished Creatures (others)
  An orc wizard (D:3)
  A plant (D:4)
2 creatures vanquished.

Grand Total: 67 creatures vanquished

Notes
Turn   | Place    | Note
-------+----------+-------------------------------------------
     0 | D:1      | IdlyInterested the Demonspawn Gladiator began the quest for
                  | the Orb.
     0 | D:1      | Reached XP level 1. HP: 16/16 MP: 1/1
   113 | D:1      | Found a faded altar of an unknown god.
   289 | D:1      | Gained mutation: You have a small tail. [demonic ancestry]
   289 | D:1      | Reached XP level 2. HP: 22/22 MP: 2/2
   352 | D:1      | Reached skill level 3 in Short Blades
   536 | D:1      | Reached skill level 1 in Stealth
   585 | D:1      | Found Kuse's Weapon Shoppe.
  1404 | D:2      | Noticed Terence
  1412 | D:2      | Reached XP level 3. HP: 23/27 MP: 3/3
  1418 | D:2      | Killed Terence
  1552 | D:2      | Noticed Sigmund
  1575 | D:2      | Killed Sigmund
  1576 | D:2      | Reached skill level 4 in Short Blades
  1576 | D:2      | Gained mutation: You are surrounded by a mild repulsion
                  | field. (EV +2) [demonic ancestry]
  1576 | D:2      | Reached XP level 4. HP: 24/33 MP: 4/4
  1576 | D:2      | Gained mutation: Your demonic aura sometimes causes spilled
                  | blood to erupt in flames. [demonic ancestry]
  1576 | D:2      | Reached XP level 5. HP: 28/38 MP: 5/5
  2220 | D:3      | Found a bloodstained altar of Trog.
  2247 | D:3      | Found a runed translucent gate.
  2247 | D:3      | Found a runed translucent gate.
  2247 | D:3      | Found a runed translucent gate.
  2248 | D:3      | Noticed nxtlvl's ghost (amateur DEMo)
  2610 | D:3      | Reached skill level 1 in Shields
  2610 | D:3      | Gained mutation: A weak demonic guardian rushes to your
                  | aid. [demonic ancestry]
  2610 | D:3      | Reached XP level 6. HP: 44/44 MP: 6/6
  3128 | D:3      | Reached skill level 1 in Armour
  3362 | D:3      | Killed nxtlvl's ghost
  3363 | D:3      | Reached skill level 1 in Evocations
  3585 | D:4      | Found Hynusmie's Weapon Emporium.
  3672 | D:4      | Found a blossoming altar of Fedhas.
  3764 | D:1      | Bought a throwing net for 39 gold pieces
  3987 | D:4      | Noticed Duvessa
  3988 | D:4      | Noticed Dowan
  3997 | D:4      | Killed Duvessa
  3998 | D:4      | Reached skill level 5 in Short Blades
  3998 | D:4      | Gained mutation: You are surrounded by a moderate repulsion
                  | field. (EV +3) [demonic ancestry]
  3998 | D:4      | Reached XP level 7. HP: 32/50 MP: 7/7
  4005 | D:4      | Killed from afar by Dowan

Illustrated notes

Levels and vault maps discovered:
D:1:      ebering_hopf_link, layout_loops_corners, basic_ecumenical_altar,
          serial_shops, shop, hex_large
D:2:      layout_basic, feat_on_display, uniq_terence, uniq_sigmund
D:3:      minmay_spotlight, layout_basic, mainiacjoe_overflow_chevrons,
          ebering_ghost_rock_garden
D:4:      layout_basic, fedhas_altar_3, serial_shops,
          nicolae_shop_bloodbath_and_beyond, uniq_duvessa

Skill      XL: |  1  2  3  4  5  6 |
---------------+-------------------+-----
Short Blades   | 3 4 5 |  5.1
Dodging        | 3 4 |  4.6
Stealth        | 1 2 |  2.0
Shields        | 1 2 |  2.7
Armour         | 1 |  1.0
Evocations     | 1 |  1.0
Fighting       | |  2.0
Throwing       | |  1.7

Action                   |  1- 3 |  4- 6 |  7- 9 || total
-------------------------+-------+-------+-------++-------
Melee: Rapier            |    33 |       |       ||    33
       Dagger            |    30 |   179 |     7 ||   216
       Tailslap          |     9 |    21 |     1 ||    31
       Punch             |     1 |       |       ||     1
Throw: Javelin           |     1 |       |       ||     1
       Dart              |       |     1 |       ||     1
       Throwing net      |       |       |     1 ||     1
  Use: Scroll            |     4 |     5 |       ||     9
       Potion            |     1 |       |       ||     1
 Stab: Sleeping          |     2 |     1 |       ||     3
Armor: Leather armour    |    14 |     2 |       ||    16
       Scale mail        |       |    37 |     2 ||    39
Dodge: Dodged            |    37 |    52 |     1 ||    90
Block: Kite shield       |       |    65 |     3 ||    68
       Buckler           |       |     2 |       ||     2

Table legend: (Time is in decaauts)
 A = Elapsed time spent in this place.
 B = Non-inter-level travel time spent in this place.
 C = Inter-level travel time spent in this place.
 D = Time resting spent in this place.
 E = Time spent auto-exploring this place.
 F = Levels seen in this place.
 G = Mean time per level.
                   A        B        C        D        E       F      G
               +--------+--------+--------+--------+--------+-----+--------+
         Total |   3997 |   3402 |    595 |    708 |   1856 |   4 |  999.2 |
       Dungeon |   3997 |   3402 |    595 |    708 |   1856 |   4 |  999.2 |
               +--------+--------+--------+--------+--------+-----+--------+

Top non-repeatable levels by time:
     D:3: 1292 daAuts
     D:1: 1284 daAuts
     D:2: 1066 daAuts
     D:4: 354 daAuts
